AoeStats
← Sparten gio

Yucatan

503532929Analyzed
3v3 RM · 1mo ago on Sep 1, 2026· 36m 21s· 6 players
Game mode
Random Map
Map size
Normal (6 player)
Population
200
Speed
Normal
Resources
Standard
Victory
Conquest
Starting age
Dark Age
Ending age
Imperial Age
RankedLock teamsTeams togetherTeam positionsShared explorationLock speedFull tech treeHidden civsTurbo modeCheats
Victory
Defeat
🇨🇱 Mongols · Chile
885
+14
🇺🇸 Huns · United States
849
+16
🇨🇱 Cumans · Chile
805
+18
🇺🇸 Portuguese · United States
850
-16
🇺🇸 Persians · United States
848
-39
🇺🇸 Bohemians · United States
838
-16
Red Hot Dabs
5:18 Loom
9:59 Feudal Age
11:17 Double-Bit Axe
12:15 Wheelbarrow
18:14 Castle Age
16:25 Stone Mining
16:45 Gold Mining
16:51 Fletching
19:24 Bow Saw
19:32 Hand Cart
24:49 Stone Shaft Mining
26:26 Horse Collar
30:45 Imperial Age
28:40 Padded Archer Armor
31:26 Fortified Wall
32:34 Two-Man Saw
32:01 Conscription
32:54 Bodkin Arrow
LowkeyTurkey
7:11 Loom
12:18 Feudal Age
13:41 Double-Bit Axe
15:50 Wheelbarrow
21:58 Castle Age
22:55 Bow Saw
28:13 Hand Cart
31:33 Chemistry
33:26 Forging
33:16 Scale Mail Armor
33:17 Padded Archer Armor
36:27 Imperial Age
33:41 Pikeman
35:30 Squires
35:17 Arson
Bunna
5:31 Loom
9:49 Feudal Age
11:01 Double-Bit Axe
10:59 Horse Collar
22:47 Castle Age
23:50 Heavy Plow
24:01 Bow Saw
Sparten gio
9:49 Feudal Age
9:58 Loom
11:01 Double-Bit Axe
18:24 Forging
18:21 Scale Barding Armor
21:57 Castle Age
20:35 Fletching
21:28 Horse Collar
24:42 Bodkin Arrow
26:03 Marauders
27:51 Stone Mining
28:45 Town Watch
29:57 Heavy Plow
35:35 Iron Casting
39:17 Imperial Age
Huidaveloz
3:15 Loom
12:32 Feudal Age
13:21 Town Watch
16:39 Castle Age
14:34 Double-Bit Axe
15:35 Stone Mining
15:37 Gold Mining
23:10 Horse Collar
24:42 Ballistics
25:06 Gold Shaft Mining
28:26 Imperial Age
26:58 Fletching
27:09 Padded Archer Armor
29:20 Stone Shaft Mining
28:56 Bodkin Arrow
31:06 Wheelbarrow
30:36 Bracer
30:48 Heavy Plow
32:25 Chemistry
32:32 Bow Saw
33:09 Leather Archer Armor
33:11 Bloodlines
34:07 Conscription
35:30 Hoardings
Nergal9964
14:13 Feudal Age
16:23 Double-Bit Axe
19:59 Castle Age
19:32 Wheelbarrow
19:03 Gold Mining
19:05 Stone Mining
19:01 Horse Collar
21:16 Hand Cart
22:34 Bow Saw
23:12 Heavy Plow
24:12 Loom
25:36 Pikeman
26:57 Squires
27:42 Caravan
28:05 Padded Archer Armor
28:56 Gold Shaft Mining
33:11 Imperial Age
30:54 Crossbowman
32:37 Leather Archer Armor
32:27 Murder Holes
32:39 Fletching
33:38 Steppe Husbandry
34:27 Conscription
34:40 Ring Archer Armor
34:06 Bodkin Arrow
35:13 Chemistry
34:34 Ballistics
35:02 Scale Mail Armor
35:12 Forging
34:25 Man-at-Arms
36:12 Two-Man Saw
Connection lost

Rejoining the realm…

Still unreachable

The connection could not be restored.

Session expired

The server has moved on; the page needs a fresh start.